 Dungeon Crawl Stone Soup version 0.27-a0-1101-ge311f74bc8 (webtiles) character file.

Game seed: 13822626450419461467

1691 karrick the Thaumaturge (level 9, -4/57 HPs)
             Began as a Djinni Fire Elementalist on Apr 28, 2021.
             Was a Believer of Okawaru.
             Slain by an ice beast (18 damage)
             ... on level 7 of the Dungeon.
             The game lasted 00:11:32 (8468 turns).

karrick the Thaumaturge (Djinni Fire Elementalist)  Turns: 8468, Time: 00:11:33

Health: -4/57      AC:  6    Str: 10    XL:     9   Next: 2%
Gold:   326        EV: 17    Int: 18    God:    Okawaru [**....] SH:  0 Dex: 13

rFire    + + .     SeeInvis .   n - +2 dagger (venom)
rCold    x . .     Faith    .   (no shield)
rNeg     . . .     Spirit   .   z - +0 steam dragon scales
rPois    ∞         Reflect  .   (no helmet)
rElec    .         Harm     .   m - +0 cloak
rCorr    .         Rampage  .   (no gloves)
Will     .....                  (boots unavailable)
Stlth    ++........             (no amulet)
HPRegen  0.19/turn              p - +4 ring of evasion
MPRegen  0.00/turn              r - ring of wizardry

@: flying
A: fire resistance 2, cold vulnerability 1, float, innate caster, hp casting,
extra vitality 1
a: Renounce Religion, Heroism


You were on level 7 of the Dungeon.
You worshipped Okawaru.
Okawaru was pleased with you.
You visited 2 branches of the dungeon, and saw 8 of its levels.

You collected 326 gold pieces.

Inventory:

Hand Weapons
 d - a +0 falchion of distortion
 n - a +2 dagger of venom (weapon)
 o - a +1 dagger of speed
Armour
 a - a +0 robe
 m - a +0 cloak (worn)
 z - +0 steam dragon scales (worn)
Jewellery
 p - a +4 ring of evasion (left hand)
 r - a ring of wizardry (right hand)
 u - a ring of ice
 C - a ring of resist corrosion
Wands
 D - a wand of acid (6)
Scrolls
 c - a scroll of fear {unknown}
 f - 2 scrolls of holy word {unknown}
 h - 2 scrolls of enchant weapon {unknown}
 j - 2 scrolls of noise {unknown}
 k - a scroll of immolation {unknown}
 l - 3 scrolls of identify
 s - a scroll of teleportation
 t - a scroll of magic mapping {unknown}
 v - a scroll of summoning {unknown}
 y - 2 scrolls of vulnerability {unknown}
 A - a scroll of enchant armour {unknown}
 B - 3 scrolls of brand weapon {unknown}
Potions
 b - a potion of flight
 e - a potion of invisibility {unknown}
 g - 3 potions of resistance {unknown}
 i - a potion of degeneration {unknown}
 q - a potion of heal wounds {unknown}
 w - a potion of ambrosia {unknown}
 x - a potion of mutation {unknown}


   Skills:
 + Level 1.4 Fighting
 + Level 0.1 Short Blades
 + Level 4.2 Dodging
 + Level 3.6 Stealth
 + Level 8.7 Spellcasting


You couldn't memorise any spells.
You knew the following spells:

 Your Spells              Type           Power      Damage    Failure   Level
a - Foxfire               Conj/Fire      100%       2x1d9     1%          1
b - Conjure Flame         Conj/Fire      39%        6-21      1%          3
c - Inner Flame           Hex/Fire       39%        N/A       1%          3
d - Sticky Flame          Conj/Fire      39%        2d6       1%          4
e - Fireball              Conj/Fire      19%        3d9       2%          5
f - Sandblast             Erth           78%        2d17      1%          1
g - Static Discharge      Conj/Air       39%        N/A       1%          2
h - Teleport Other        Tloc           39%        N/A       1%          3
i - Stone Arrow           Conj/Erth      78%        3d11      1%          3
Your spell library was empty.

Dungeon Overview and Level Annotations

Branches:
Dungeon (7/15)             Temple (1/1) D:5

Altars:
Ashenzari
Cheibriados
Dithmenos
Elyvilon
Fedhas
Gozag
Hepliaklqana
Makhleb
Nemelex Xobeh
Okawaru
Qazlal
Ru
Sif Muna
Trog
Uskayaw
Vehumet
Xom
Yredelemnul
Zin
The Shining One

Shops:
D:4 ((???


Innate Abilities, Weirdness & Mutations

You are immune to poison.
Your flesh is very heat resistant. (rF++)
You are vulnerable to cold. (rC-)
You float through the air rather than walking.
You learn spells naturally, not from books.
Your magical power is your life essence.
You have superior vitality. (+4 HP)


Message History

You kill the kobold!
Okawaru accepts your kill.
A kobold comes into view. It is wielding a +0 whip.
A kobold comes into view. It is wielding a +0 short sword.
Casting: Foxfire (safe; 1% risk of failure)
Confirm with . or Enter, or press ? or * to list all spells.
You conjure some foxfire!
Unknown command.
Casting: Foxfire (safe; 1% risk of failure)
Confirm with . or Enter, or press ? or * to list all spells.
There is not enough space to conjure foxfire!
The foxfire hits the kobold!
You kill the kobold!
Okawaru accepts your kill.
The foxfire hits the kobold.
The kobold is moderately wounded.
The foxfire hits the kobold.
You kill the kobold!
Okawaru accepts your kill.
Casting: Foxfire (safe; 1% risk of failure)
Confirm with . or Enter, or press ? or * to list all spells.
You conjure some foxfire!
Unknown command.
Your foxfire dissipates!
An ice beast comes into view.
Items here: )) ††.
The ice beast hits you. The ice beast freezes you!
You feel a terrible chill!
Things that are here:
a +0 club; a kobold corpse The foxfire hits the ice beast but does no damage.
The ice beast hits you. The ice beast freezes you!!
You feel a terrible chill!
* * * LOW HITPOINT WARNING * * *
Casting: Foxfire (safe; 1% risk of failure)
Confirm with . or Enter, or press ? or * to list all spells.
You conjure some foxfire!
* * * LOW HITPOINT WARNING * * *
The ice beast hits you.
* * * LOW HITPOINT WARNING * * *
The ice beast freezes you!!
You feel a terrible chill!
You die...

....# .... ...
.. .# ##.##
#####Y..##...
##..§v@.....#
##.)###v..####
#.§## #...#
#.## ##### ##


You could see an ice beast (ally target).

Vanquished Creatures
  A steam dragon (D:6)
  2 water moccasins
  A sky beast (D:5)
  A black bear (D:6)
  A phantom (D:5)
  A kobold brigand (D:7)
  A scorpion (D:5)
  A water moccasin skeleton (D:5)
  6 killer bees (D:5)
  A centaur zombie (D:6)
  A jelly (D:5)
  An orc priest (D:6)
  A bullfrog skeleton (D:4)
  A hound (D:5)
  2 centaur skeletons (D:6)
  An iguana (D:5)
  4 orc wizards (D:6)
  A hound skeleton (D:5)
  A howler monkey skeleton (D:6)
  7 gnolls
  10 river rats (D:6)
  2 adders
  A white imp (D:6)
  A worm (D:6)
  2 dart slugs
  23 orcs
  5 ball pythons
  5 bats
  6 endoplasms
  2 giant cockroaches
  8 goblins
  5 hobgoblins
  9 jackals
  11 kobolds
  9 quokkas
  A frilled lizard (D:2)
  18 rats
154 creatures vanquished.

Vanquished Creatures (others)
  A quokka (D:3)
  683 foxfires
684 creatures vanquished.

Grand Total: 838 creatures vanquished

Notes
Turn   | Place    | Note
-------+----------+-------------------------------------------
     0 | D:1      | karrick the Djinni Fire Elementalist began the quest for
                  | the Orb.
     0 | D:1      | Reached XP level 1. HP: 15/15 MP: 0/0
   291 | D:1      | Reached skill level 3 in Spellcasting
   403 | D:1      | Reached XP level 2. HP: 17/21 MP: 0/0
  1268 | D:2      | Reached XP level 3. HP: 20/25 MP: 0/0
  1268 | D:2      | Learned a level 1 spell: Sandblast
  1339 | D:2      | Found a faded altar of an unknown god.
  2848 | D:3      | Reached XP level 4. HP: 28/31 MP: 0/0
  2998 | D:3      | Reached skill level 4 in Spellcasting
  3566 | D:3      | Reached XP level 5. HP: 26/35 MP: 0/0
  3566 | D:3      | Learned a level 2 spell: Static Discharge
  3816 | D:3      | Found a white marble altar of Elyvilon.
  3910 | D:4      | Found a stormy altar of Qazlal.
  3928 | D:4      | Found Soqacic's Magic Scroll Boutique.
  3931 | D:4      | Found Xietoomi's Magic Scroll Shop.
  4248 | D:4      | Found Zeocol's Weapon Emporium.
  4358 | D:4      | Found Fudgh's Weapon Shop.
  4371 | D:4      | Found Ereac's Magic Scroll Shoppe.
  4669 | D:4      | Reached skill level 5 in Spellcasting
  4970 | D:5      | Entered Level 5 of the Dungeon
  5060 | D:5      | Noticed a water moccasin
  5074 | D:5      | Killed a water moccasin
  5075 | D:5      | Reached XP level 6. HP: 32/40 MP: 0/0
  5357 | D:5      | Found a staircase to the Ecumenical Temple.
  5392 | Temple   | Entered the Ecumenical Temple
  5490 | Temple   | Became a worshipper of Warmaster Okawaru
  5598 | D:5      | Reached skill level 6 in Spellcasting
  5598 | D:5      | Reached XP level 7. HP: 42/45 MP: 0/0
  5598 | D:5      | Learned a level 3 spell: Teleport Other
  6465 | D:5      | Reached * piety under Okawaru
  6468 | D:5      | Reached skill level 7 in Spellcasting
  6472 | D:5      | Reached XP level 8. HP: 19/51 MP: 0/0
  6931 | D:6      | Found a hide-covered altar of Uskayaw.
  6931 | D:6      | Noticed a +0 spear
  6931 | D:6      | Noticed a +0 dagger
  6931 | D:6      | Noticed a +0 dagger
  6932 | D:6      | Noticed a +0 short sword
  6937 | D:6      | Noticed a +0 spear
  6986 | D:6      | Reached skill level 1 in Fighting
  7309 | D:6      | Found a snail-covered altar of Cheibriados.
  7503 | D:6      | Noticed a +0 short sword
  7503 | D:6      | Noticed a +0 falchion
  7504 | D:6      | Noticed a +0 falchion
  7596 | D:6      | Found a basalt altar of Yredelemnul.
  7598 | D:6      | Found a shimmering altar of Xom.
  7603 | D:6      | Reached ** piety under Okawaru
  7604 | D:6      | Reached skill level 8 in Spellcasting
  8457 | D:7      | Reached XP level 9. HP: 53/57 MP: 0/0
  8457 | D:7      | Learned a level 3 spell: Stone Arrow
  8468 | D:7      | Slain by an ice beast

Illustrated notes

Levels and vault maps discovered:
D:1:      amcnicky_arrival_wind_blow, layout_basic, palyth_stone_intersect
D:2:      layout_basic, hellmonk_ecumenical_altar_arch_garden, nrook_uturn,
          minmay_tetromino_o4
D:3:      layout_rooms, elyvilon_altar_4, chequers_serial_rivers_micro_d
D:4:      layout_basic, nicolae_qazlal_general_emergency, serial_shops, shop,
          nicolae_shop_window_shopping, kennysheep_mini, shop,
          kennysheep_mini_moat, lemuel_old_faithful
D:5:      layout_loops_cross, minmay_temple_entry_antechambers
D:6:      lemuel_ratsnest, layout_loops_ring, nicolae_uskayaw_en_pointe,
          grunt_temple_overflow_open, chei_slow_surprise
D:7:      layout_rooms
Temple:   nicolae_temple_god_jail

Skill      XL: |  1  2  3  4  5  6  7  8 |
---------------+-------------------------+-----
Spellcasting   | 3 4 5 6 7 8 |  8.7
Stealth        | 2 3 |  3.6
Dodging        | 3 4 |  4.2
Fighting       | 1 |  1.4
Short Blades   | |  0.1

Action                   |  1- 3 |  4- 6 |  7- 9 || total
-------------------------+-------+-------+-------++-------
Melee: Dagger            |       |       |    15 ||    15
 Cast: Foxfire           |    95 |   131 |   206 ||   432
       Teleport Other    |       |       |     1 ||     1
  Use: Potion            |       |       |     3 ||     3
       Scroll            |       |       |     2 ||     2
Armor: Robe              |     4 |     4 |     5 ||    13
       Steam dragon scal |       |       |     7 ||     7
Dodge: Dodged            |     6 |    18 |    66 ||    90

Table legend: (Time is in decaauts)
 A = Elapsed time spent in this place.
 B = Non-inter-level travel time spent in this place.
 C = Inter-level travel time spent in this place.
 D = Time resting spent in this place.
 E = Time spent auto-exploring this place.
 F = Levels seen in this place.
 G = Mean time per level.
                   A        B        C        D        E       F      G
               +--------+--------+--------+--------+--------+-----+--------+
         Total |   8466 |   8182 |    284 |    205 |   7119 |   8 | 1058.2 |
       Dungeon |   8350 |   8108 |    242 |    205 |   7048 |   7 | 1192.9 |
        Temple |    115 |     73 |     42 |      0 |     71 |   1 |  115.0 |
               +--------+--------+--------+--------+--------+-----+--------+

Top non-repeatable levels by time:
     D:6: 1695 daAuts
     D:5: 1633 daAuts
     D:2: 1530 daAuts
     D:3: 1314 daAuts
     D:1: 1106 daAuts
     D:4: 1050 daAuts
  Temple: 115 daAuts
     D:7: 19 daAuts
